Map: Dusk Towers

Players

xKawaiian - Winner!

  • Race: Terran Terran
  • League: Master

Blinky

  • Race: Protoss Protoss
  • League: Master

VOD

Have the link to the VOD?

Description

Time

  • Played on: Jan. 13, 2016, 4:19 p.m.
  • Length: 6:15
Show
View Real Time Build Order
Export as new Build Order

xKawaiian Terran - Winner!

Build Orders: Reaper Expand 

Get SALT Encoding   

  12  0:00  SCV  
  13  0:13  SCV  
  14  0:17  Supply Depot  
  14  0:25  SCV  
  15  0:39  SCV  
  15  0:41  Barracks  
  16  0:45  Refinery  
  16  0:51  SCV  
  17  1:03  SCV  
  18  1:15  SCV  
  19  1:33  Reaper, Orbital Command  
  19  1:46  Command Center  
  19  1:58  Supply Depot  
  19  1:59  SCV  
  20  2:06  Barracks Reactor  
  20  2:11  SCV  
  20  2:14  Barracks  
  21  2:24  SCV, Barracks  
  22  2:36  SCV  
  23  2:46  Marine  
  23  2:47  Marine  
  23  2:48  SCV  
  26  2:58  Orbital Command  
  26  3:00  SCV  
  26  3:04  Barracks Tech Lab, Marine  
  28  3:07  Marine  
  28  3:12  Marine  
  30  3:13  Factory, Refinery  
  30  3:19  SCV  
  31  3:22  Marine  
  31  3:23  Stimpack, Marine  
  31  3:25  SCV  
  34  3:31  SCV  
  34  3:33  Marine  
  36  3:37  SCV, Marine, Supply Depot  
  38  3:42  Marine  
  38  3:43  SCV  
  38  3:47  Marine  
  41  3:49  SCV  
  41  3:51  Marine  
  41  3:55  SCV  
  44  3:56  Starport, Factory Reactor  
  44  3:57  Marine  
  44  4:01  SCV  
  46  4:07  SCV, Marine  
  48  4:12  Marine x2  
  48  4:14  SCV  
  51  4:19  Supply Depot, SCV  
  51  4:24  Marine  
  51  4:25  Supply Depot  
  51  4:26  SCV  
  53  4:31  SCV  
  54  4:40  Medivac x2  
  54  4:41  SCV  
  54  4:43  SCV  
  60  4:48  Supply Depot  
  60  4:49  Supply Depot, Marine x2  
  60  4:50  Marine  
  64  4:53  SCV  
  64  4:55  SCV  
  64  4:58  Barracks Tech Lab  
  65  5:03  Factory Reactor  
  65  5:05  SCV  
  66  5:09  Marauder, Marine  
  66  5:12  Command Center, Medivac  
  71  5:19  Marine  
  71  5:20  Marauder  
  73  5:27  Marine  
  72  5:31  Marauder  
  70  5:37  Marine  
  70  5:40  Barracks  
  70  5:41  Marauder  
  70  5:42  Barracks  
  70  5:44  Marine  
  76  5:50  SCV  
  76  5:51  Refinery  
  76  5:52  Marauder  
  76  5:55  Marine  
  78  6:02  SCV, Refinery  
Show
View Real Time Build Order
Export as new Build Order

Blinky Protoss 

Build Orders: 1 Gate Expand, Blink Stalkers 

Get SALT Encoding   

  12  0:01  Probe (Chrono Boost)  
  13  0:12  Probe (Chrono Boost)  
  14  0:17  Pylon  
  14  0:23  Probe (Chrono Boost)  
  16  0:35  Probe (Chrono Boost)  
  16  0:38  Gateway  
  16  0:46  Probe (Chrono Boost), Assimilator  
  18  0:57  Probe (Chrono Boost)  
  18  1:10  Probe (Chrono Boost)  
  18  1:26  Probe (Chrono Boost)  
  18  1:29  Nexus  
  19  1:39  Cybernetics Core  
  19  1:41  Probe (Chrono Boost)  
  20  1:50  Assimilator  
  20  1:51  Probe (Chrono Boost)  
  21  1:55  Pylon  
  21  2:02  Probe (Chrono Boost)  
  24  2:16  Warp Gate  
  24  2:19  Stalker (Chrono Boost)  
  24  2:21  Twilight Council  
  24  2:24  Probe (Chrono Boost)  
  25  2:35  Probe  
  26  2:47  Stalker (Chrono Boost), Probe  
  26  2:48  Probe  
  30  2:59  Probe (Chrono Boost), Blink (Chrono Boost)  
  30  3:00  Probe (Chrono Boost)  
  32  3:10  Probe (Chrono Boost)  
  32  3:11  Probe (Chrono Boost)  
  34  3:15  Stalker  
  36  3:21  Probe (Chrono Boost)  
  36  3:22  Probe (Chrono Boost)  
  38  3:31  Probe (Chrono Boost)  
  38  3:32  Probe (Chrono Boost)  
  38  3:33  Gateway  
  38  3:34  Gateway  
  40  3:42  Probe (Chrono Boost)  
  40  3:43  Probe (Chrono Boost)  
  42  3:52  Probe (Chrono Boost)  
  42  3:53  Gateway, Pylon  
  43  3:57  Probe (Chrono Boost)  
  44  4:03  Probe (Chrono Boost)  
  44  4:07  Probe (Chrono Boost)  
  46  4:12  Pylon  
  46  4:13  Probe (Chrono Boost)  
  46  4:14  Assimilator  
  47  4:18  Probe (Chrono Boost)  
  47  4:27  Gateway  
  47  4:30  Gateway, Probe (Chrono Boost)  
  49  4:36  Mothership Core (Chrono Boost)  
  49  4:37  Stalker x2  
  54  4:42  Stalker  
  54  4:44  Pylon  
  56  4:50  Stalker  
  58  5:00  Pylon  
  58  5:02  Stalker, Gateway  
  58  5:03  Stalker  
  58  5:05  Stalker  
  64  5:13  Stalker  
  65  5:25  Stalker x2  
  65  5:26  Stalker  
  59  5:36  Stalker  
  61  5:45  Stalker  
  63  5:50  Stalker x4  
  71  5:59  Stalker x2  
Tags
 
Add a new tag
Caveats
  • Supply blocks, unpowered buildings, or Contaminate may cause inaccurate times.
  • Supply counts are checked every 10 seconds.